 Dungeon Sprint DCSS version 0.17-a0-1719-g1afd5a1 (webtiles) character file.

23400000 ztt the Plane Walker (level 27, -39/273 HPs)
             Began as a Ghoul Warper on Aug 27, 2015.
             Was the Champion of Makhleb.
             Annihilated by a meat berserker
             ... wielding a +9 battleaxe
              (84 damage)
             ... in the Dungeon (Sprint VIII: "Arena of Blood").
             The game lasted 00:04:41 (234 turns).

ztt the Plane Walker (Ghoul Warper)                  Turns: 234, Time: 00:04:41

Health: -39/273    AC:  6    Str: 19    XL:     27
Magic:  53/53      EV: 32    Int:  8    God:    Makhleb [******]
Gold:   0          SH:  0    Dex: 17    Spells: 1 memorised, 79 levels left

rFire  + . .     SeeInvis +     l - +∞ Axe of Woe
rCold  + . .     Clarity  .     b - +0 leather armour
rNeg   + + +     SustAt   .     (no shield)
rPois  ∞         Gourm    .     (no helmet)
rElec  .         Spirit   .     (no cloak)
rCorr  .         Warding  .     (no gloves)
rMut   .         NoTele   +     (no boots)
MR     ++...                    (no amulet)
Stlth  +++++++++.               n - ring of protection from fire
                                m - ring of see invisible

@: rotting, slowed, very slow, very resistant to hostile enchantments,
incredibly stealthy
A: rotting body, claws 1, carnivore 3, cold resistance 1, negative energy
resistance 3, slow healing 1, torment resistance, unbreathing
a: Minor Destruction, Lesser Servant of Makhleb, Major Destruction, Greater
Servant of Makhleb, Renounce Religion


You were in the Dungeon.
You worshipped Makhleb.
Makhleb was exalted by your worship.
You were not hungry.

You visited 1 branch

Inventory:

Hand weapons
 a - a +0 hand axe
 l - the +∞ Axe of Woe (weapon)
   (You found it in the Dungeon)
Missiles
 e - 5 tomahawks of dispersal (quivered)
Armour
 b - a +0 leather armour (worn)
Jewellery
 m - a ring of see invisible (left claw)
 n - a ring of protection from fire (right claw)
Scrolls
 d - 2 scrolls of blinking
Potions
 g - a potion of curing
 h - a potion of heal wounds
 i - a potion of haste
 j - 2 potions of magic
 k - a potion of berserk rage
Books
 c - a book of Spatial Translocations

   Spells                             Type                      Level
   a - Apportation                    Translocation                1
   b - Blink                          Translocation                2
   c - Shroud of Golubria             Charms/Translocation         2
   d - Portal Projectile              Translocation                3
   e - Teleport Other                 Translocation                3
   f - Passage of Golubria            Translocation                4
Comestibles
 f - a meat ration


   Skills:
 O Level 27 Fighting
 O Level 27 Axes
 O Level 27 Throwing
 O Level 27 Armour
 O Level 27 Dodging
 O Level 27 Stealth
 O Level 27 Unarmed Combat
 O Level 27 Spellcasting
 O Level 27 Translocations
 O Level 27 Invocations


You had 79 spell levels left.
You knew the following spells:

 Your Spells              Type           Power        Failure   Level  Hunger
a - Apportation           Tloc           ######....   0%          1    None


Dungeon Overview and Level Annotations

Branches:
Dungeon (1/1)

Altars:
Makhleb


Innate Abilities, Weirdness & Mutations

Your body is rotting away.
You thrive on raw meat.
You are immune to poison.
You have sharp fingernails.
You are carnivorous and can eat meat at any time.
Your flesh is cold resistant.
You are immune to negative energy.
You heal slowly when monsters are visible.
You are immune to unholy pain and torment.
You can survive without breathing.


Message History

Unknown command.
Unknown command.
Unknown command.
An orc and a wraith come into view.
You feel less confused.
The meat berserker hits you with a +9 battleaxe!!!!
Some rock shatters into small pieces.
The observer pulsates ominously.
The meat berserker hits you with a +9 battleaxe!!!
The fleshlord hits you with a +9 great mace!!!!
* * * LOW HITPOINT WARNING * * *
The tyrant casts a spell.
The tyrant gestures wildly while chanting.
The destroyer blinks!
Some rock shatters into small pieces.
The observer pulsates ominously.
The accursed points at you and mumbles some strange words.
Something smites you!
* * * LOW HITPOINT WARNING * * *
The meat berserker hits you with a +9 battleaxe!!!!
You die...

#LW.oV...O.x.....###..
#..oCpLXSXMW......%#.)
#§GxpLoXoGoCo......#.%
#..Go.)SCW#Do.....%..)
#.D.xoWWC#2#.#.......)
#.%9CXoVWW#.#.X§§.....
#.).O2Opo#M#)#§.XX.X.)
#§)§)ppOox#X#))§..#.))
#.%)O@2WoooLo).)..o..)
#%§..)ODopXoxX)))##.#)
###..V.W.XMGX.)).))..§
#.###.S.X.%####)).)#
#. ####........).%. ##
####.........
####...... #######


You could see 3 accurseds, 2 tentacled monstrosities, 3 meat beasts, 3 tyrants,
3 eight-headed meat hydras, 2 destroyers, 4 observers, 3 scourges, 6 fleshlords,
4 large bags of meat, 7 large abominations, 7 wretched souls, a dread
(wandering), a vile, 5 meat berserkers and 17 bags of meat.

Vanquished Creatures
  A molten gargoyle (D)
  11 hell knights (D)
  Sigmund (D)
  15 hell beasts (D)
  Edmund (D)
  9 greater mummies (D)
  7 great orbs of eyes (D)
  17 wraiths (D)
  Harold (D)
  16 vampire knights (D)
  61 ogres (D)
  12 liches (D)
  14 hydras (D)
  88 orcs (D)
  8 phantoms (D)
  8 hill giants (D)
  8 skeletal warriors (D)
  6 sea snakes (D)
  11 large abominations (D)
  8 small abominations (D)
  8 crawling corpses (D)
311 creatures vanquished.

Vanquished Creatures (others)
  4 crawling corpses (D)
4 creatures vanquished.

Grand Total: 315 creatures vanquished

Notes
Turn   | Place    | Note
--------------------------------------------------------------
     0 | D        | ztt the Ghoul Warper began the quest for the Orb.
     0 | D        | Reached XP level 1. HP: 17/17 MP: 2/2
     3 | D        | Noticed a bag of meat
     4 | D        | Became a worshipper of Makhleb the Destroyer
     6 | D        | Noticed a bag of meat
     6 | D        | Noticed a bag of meat
     7 | D        | Noticed a bag of meat
     7 | D        | Killed a bag of meat
     7 | D        | Reached skill level 11 in Fighting
     7 | D        | Reached skill level 10 in Spellcasting
     7 | D        | Reached skill level 17 in Translocations
     7 | D        | Reached XP level 2. HP: 20/40 MP: 2/12
     7 | D        | Reached XP level 3. HP: 23/47 MP: 2/13
     7 | D        | Reached XP level 4. HP: 26/55 MP: 2/15
     7 | D        | Reached XP level 5. HP: 28/61 MP: 2/16
     7 | D        | Reached XP level 6. HP: 31/68 MP: 2/18
     7 | D        | Reached XP level 7. HP: 33/74 MP: 2/19
     7 | D        | Reached XP level 8. HP: 36/82 MP: 2/21
     7 | D        | Reached XP level 9. HP: 39/89 MP: 2/22
     7 | D        | Reached XP level 10. HP: 42/96 MP: 2/23
     7 | D        | Reached XP level 11. HP: 45/103 MP: 2/24
     7 | D        | Reached XP level 12. HP: 48/110 MP: 2/25
     8 | D        | Noticed a bag of meat
     8 | D        | Noticed a bag of meat
     8 | D        | Killed a bag of meat
     8 | D        | Acquired Makhleb's first power
     8 | D        | Reached skill level 10 in Dodging
     8 | D        | Reached skill level 20 in Translocations
     8 | D        | Reached XP level 13. HP: 96/122 MP: 2/27
     9 | D        | Noticed a meat berserker
     9 | D        | Noticed a bag of meat
     9 | D        | Noticed a bag of meat
     9 | D        | Noticed a meat berserker
     9 | D        | Noticed a bag of meat
    10 | D        | Noticed a bag of meat
    10 | D        | Noticed a bag of meat
    12 | D        | Noticed a large bag of meat
    12 | D        | Killed a bag of meat
    12 | D        | Reached skill level 21 in Translocations
    12 | D        | Reached XP level 14. HP: 73/133 MP: 3/30
    12 | D        | Killed a bag of meat
    12 | D        | Acquired Makhleb's second power
    12 | D        | Reached skill level 15 in Fighting
    12 | D        | Reached skill level 22 in Translocations
    13 | D        | Noticed a bag of meat
    13 | D        | Killed a meat berserker
    13 | D        | Reached skill level 15 in Axes
    13 | D        | Reached skill level 5 in Throwing
    13 | D        | Reached skill level 15 in Spellcasting
    13 | D        | Reached skill level 24 in Translocations
    13 | D        | Reached XP level 15. HP: 103/147 MP: 3/33
    13 | D        | Killed a bag of meat
    13 | D        | Acquired Makhleb's third power
    13 | D        | Reached skill level 25 in Translocations
    13 | D        | Reached XP level 16. HP: 108/157 MP: 3/34
    13 | D        | Killed a bag of meat
    13 | D        | Reached skill level 15 in Dodging
    13 | D        | Reached skill level 26 in Translocations
    13 | D        | Killed a bag of meat
    13 | D        | Reached skill level 27 in Translocations
    13 | D        | Killed a bag of meat
    13 | D        | Acquired Makhleb's fourth power
    13 | D        | Reached XP level 17. HP: 166/171 MP: 3/37
    14 | D        | Killed a meat berserker
    14 | D        | Killed a bag of meat
    14 | D        | Reached XP level 18. HP: 185/188 MP: 3/40
    14 | D        | Killed a bag of meat
    14 | D        | Acquired Makhleb's fifth power
    15 | D        | Noticed a bag of meat
    16 | D        | Noticed a meat berserker
    16 | D        | Killed a bag of meat
    16 | D        | Reached skill level 10 in Armour
    16 | D        | Killed a large bag of meat
    17 | D        | Noticed a meat berserker
    18 | D        | Noticed a bag of meat
    18 | D        | Noticed a bag of meat
    19 | D        | Killed a bag of meat
    20 | D        | Noticed a bag of meat
    20 | D        | Noticed a meat berserker
    20 | D        | Noticed a bag of meat
    20 | D        | Noticed a large bag of meat
    21 | D        | Noticed a large bag of meat
    21 | D        | Noticed a large bag of meat
    22 | D        | Killed a bag of meat
    22 | D        | Reached XP level 19. HP: 201/206 MP: 6/44
    22 | D        | Killed a bag of meat
    22 | D        | Reached skill level 27 in Fighting
    22 | D        | Killed a meat berserker
    22 | D        | Reached skill level 27 in Axes
    22 | D        | Reached skill level 10 in Throwing
    23 | D        | Noticed a bag of meat
    23 | D        | Noticed a bag of meat
    24 | D        | Killed a meat berserker
    24 | D        | Reached XP level 20. HP: 216/216 MP: 6/48
    24 | D        | Killed a large bag of meat
    25 | D        | Killed a large bag of meat
    26 | D        | Killed a bag of meat
    26 | D        | Reached skill level 15 in Armour
    26 | D        | Reached skill level 27 in Spellcasting
    26 | D        | Killed a bag of meat
    26 | D        | Reached skill level 27 in Dodging
    26 | D        | Killed a meat berserker
    26 | D        | Reached XP level 21. HP: 217/224 MP: 7/51
    27 | D        | Noticed a destroyer
    27 | D        | Killed a large bag of meat
    28 | D        | Noticed a bag of meat
    29 | D        | Noticed an eight-headed meat hydra
    29 | D        | Noticed an eight-headed meat hydra
    29 | D        | Noticed The Servant
    29 | D        | Killed a bag of meat
    30 | D        | Noticed a destroyer
    30 | D        | Killed a destroyer
    30 | D        | Reached skill level 27 in Armour
    30 | D        | Reached XP level 22. HP: 222/233 MP: 8/52
    31 | D        | Noticed a meat berserker
    31 | D        | Killed a bag of meat
    33 | D        | Noticed a large bag of meat
    34 | D        | Noticed a destroyer
    35 | D        | Noticed a meat berserker
    35 | D        | Killed The Servant
    35 | D        | Reached skill level 27 in Throwing
    35 | D        | Killed a bag of meat
    35 | D        | Reached skill level 10 in Stealth
    35 | D        | Reached XP level 23. HP: 240/240 MP: 9/53
    35 | D        | Killed a nine-headed meat hydra
    35 | D        | Killed a bag of meat
    37 | D        | Noticed a meat berserker
    37 | D        | Noticed a destroyer
    37 | D        | Killed a meat berserker
    38 | D        | Noticed a bag of meat
    39 | D        | Noticed a sculptor of flesh
    40 | D        | Noticed a bag of meat
    40 | D        | Killed a destroyer
    40 | D        | Reached XP level 24. HP: 249/249 MP: 9/53
    40 | D        | Killed a destroyer
    40 | D        | Reached skill level 27 in Stealth
    41 | D        | Noticed a sculptor of flesh
    41 | D        | Killed a meat berserker
    41 | D        | Reached skill level 27 in Unarmed Combat
    41 | D        | Reached skill level 27 in Invocations
    41 | D        | Killed a destroyer
    41 | D        | Reached XP level 25. HP: 257/257 MP: 10/53
    42 | D        | Noticed a meat berserker
    42 | D        | Noticed a sculptor of flesh
    42 | D        | Noticed a sculptor of flesh
    42 | D        | Killed a meat berserker
    43 | D        | Noticed a bag of meat
    44 | D        | Noticed a bag of meat
    44 | D        | Noticed a tyrant
    46 | D        | Killed a large bag of meat
    46 | D        | Killed a sculptor of flesh
    48 | D        | Noticed a bag of meat
    48 | D        | Killed an eight-headed meat hydra
    49 | D        | Noticed a sculptor of flesh
    49 | D        | Noticed a meat berserker
    49 | D        | Killed a bag of meat
    49 | D        | Reached XP level 26. HP: 266/266 MP: 12/53
    50 | D        | Noticed a bag of meat
    50 | D        | Noticed a meat berserker
    51 | D        | Noticed a meat berserker
    51 | D        | Noticed a meat berserker
    52 | D        | Noticed a bag of meat
    53 | D        | Noticed a bag of meat
    53 | D        | Noticed a meat berserker
    54 | D        | Killed a meat berserker
    54 | D        | Killed a tyrant
    54 | D        | Killed a meat berserker
    54 | D        | Killed a sculptor of flesh
    55 | D        | Noticed a bag of meat
    56 | D        | Noticed a meat berserker
    56 | D        | Noticed a meat berserker
    56 | D        | Noticed a meat berserker
    56 | D        | Killed a meat berserker
    56 | D        | Reached XP level 27. HP: 273/273 MP: 14/53
    57 | D        | Killed a meat berserker
    58 | D        | Noticed a meat berserker
    58 | D        | Noticed a meat berserker
    58 | D        | Killed a meat berserker
    59 | D        | Killed a meat berserker
    59 | D        | Killed a bag of meat
    59 | D        | Killed a bag of meat
    60 | D        | Noticed a bag of meat
    60 | D        | Killed a bag of meat
    61 | D        | Noticed a bag of meat
    61 | D        | Noticed a bag of meat
    61 | D        | Noticed a meat berserker
    61 | D        | Noticed a dread
    61 | D        | Killed a sculptor of flesh
    61 | D        | Killed a meat berserker
    61 | D        | Killed a meat berserker
    62 | D        | Killed a meat berserker
    62 | D        | Killed a meat berserker
    62 | D        | Killed a sculptor of flesh
    62 | D        | Noticed a bag of meat
    63 | D        | Noticed a bag of meat
    63 | D        | Noticed a bag of meat
    63 | D        | Noticed a meat berserker
    63 | D        | Noticed a bag of meat
    63 | D        | Noticed a tyrant
    63 | D        | Noticed a meat berserker
    64 | D        | Noticed a destroyer
    64 | D        | Noticed a meat berserker
    64 | D        | Killed a meat berserker
    64 | D        | Noticed a bag of meat
    65 | D        | Noticed a bag of meat
    65 | D        | Noticed a destroyer
    65 | D        | Noticed a destroyer
    65 | D        | Noticed a tyrant
    65 | D        | Noticed a tyrant
    65 | D        | Noticed a tyrant
    66 | D        | Noticed a sculptor of flesh
    66 | D        | Killed a sculptor of flesh
    66 | D        | Killed a bag of meat
    66 | D        | Killed a meat berserker
    66 | D        | Killed a bag of meat
    66 | D        | Killed a bag of meat
    66 | D        | Killed a destroyer
    67 | D        | Killed a bag of meat
    67 | D        | Killed a meat berserker
    68 | D        | Noticed an accursed
    68 | D        | Killed a bag of meat
    68 | D        | Killed a bag of meat
    68 | D        | Killed a bag of meat
    69 | D        | Noticed a tyrant
    69 | D        | Killed a meat berserker
    69 | D        | Killed a destroyer
    69 | D        | Killed a meat berserker
    70 | D        | Noticed a meat berserker
    70 | D        | Killed a bag of meat
    70 | D        | Killed a bag of meat
    72 | D        | Killed a bag of meat
    72 | D        | Killed a destroyer
    73 | D        | Killed a tyrant
    74 | D        | Killed a dread
    74 | D        | Killed a bag of meat
    74 | D        | Killed a bag of meat
    75 | D        | Killed a bag of meat
    76 | D        | Killed a tyrant
    76 | D        | Killed a tyrant
    76 | D        | Killed a bag of meat
    77 | D        | Noticed a wretched soul
    77 | D        | Noticed a bag of meat
    79 | D        | Noticed a meat beast
    79 | D        | Noticed a meat berserker
    79 | D        | Killed a tyrant
    79 | D        | Killed a meat berserker
    80 | D        | Killed an accursed
    80 | D        | Killed a meat beast
    81 | D        | Noticed a bag of meat
    81 | D        | Noticed a meat berserker
    81 | D        | Noticed an accursed
    81 | D        | Noticed a bag of meat
    82 | D        | Noticed a bag of meat
    82 | D        | Killed an accursed
    83 | D        | Noticed a dread
    83 | D        | Noticed a bag of meat
    83 | D        | Noticed a bag of meat
    83 | D        | Noticed a meat berserker
    83 | D        | Noticed a dread
    83 | D        | Noticed a bag of meat
    83 | D        | Noticed a bag of meat
    83 | D        | Noticed a meat berserker
    84 | D        | Killed a bag of meat
    84 | D        | Killed a bag of meat
    84 | D        | Killed a sculptor of flesh
    86 | D        | Noticed a wretched soul
    86 | D        | Noticed a bag of meat
    86 | D        | Killed a meat berserker
    86 | D        | Killed a meat berserker
    86 | D        | Killed a meat berserker
    87 | D        | Noticed a bag of meat
    87 | D        | Noticed a large bag of meat
    87 | D        | Noticed a bag of meat
    87 | D        | Noticed a bag of meat
    87 | D        | Noticed a bag of meat
    88 | D        | Noticed a bag of meat
    88 | D        | Noticed a bag of meat
    89 | D        | Killed a wretched soul
    90 | D        | Noticed The Captor
    90 | D        | Noticed a bag of meat
    90 | D        | Killed a bag of meat
    90 | D        | Killed a meat berserker
    91 | D        | Noticed a tyrant
    91 | D        | Noticed a tyrant
    91 | D        | Killed a bag of meat
    92 | D        | Noticed a bag of meat
    92 | D        | Killed a tyrant
    92 | D        | Killed a tyrant
    93 | D        | Killed a bag of meat
    93 | D        | Killed a bag of meat
    95 | D        | Noticed an accursed
    95 | D        | Killed a bag of meat
    95 | D        | Killed a wretched soul
    95 | D        | Killed a dread
    95 | D        | Killed a bag of meat
    96 | D        | Killed a bag of meat
    96 | D        | Killed a tyrant
    96 | D        | Killed a bag of meat
    96 | D        | Killed a bag of meat
    98 | D        | Noticed a large bag of meat
    98 | D        | Noticed a tyrant
    99 | D        | Killed a bag of meat
    99 | D        | Killed a bag of meat
    99 | D        | Killed a large bag of meat
    99 | D        | Killed a bag of meat
    99 | D        | Killed a bag of meat
   100 | D        | Killed a bag of meat
   100 | D        | Killed The Captor
   100 | D        | Killed a bag of meat
   101 | D        | Noticed a bag of meat
   102 | D        | Noticed a destroyer
   102 | D        | Killed a large bag of meat
   103 | D        | Noticed an eight-headed meat hydra
   104 | D        | Killed a bag of meat
   104 | D        | Killed a tyrant
   106 | D        | Noticed a bag of meat
   106 | D        | Noticed a bag of meat
   106 | D        | Noticed a meat beast
   106 | D        | Noticed a meat beast
   106 | D        | Noticed a dread
   107 | D        | Noticed a bag of meat
   107 | D        | Noticed a bag of meat
   107 | D        | Killed a dread
   108 | D        | Noticed a meat berserker
   108 | D        | Noticed a meat beast
   110 | D        | Killed a meat beast
   112 | D        | Noticed a meat berserker
   112 | D        | Killed a meat beast
   113 | D        | Noticed a meat beast
   114 | D        | Killed a destroyer
   114 | D        | Killed a meat beast
   114 | D        | Killed a meat berserker
   115 | D        | Noticed a meat beast
   116 | D        | Noticed an accursed
   116 | D        | Noticed a meat berserker
   116 | D        | Killed a dread
   116 | D        | Killed a meat beast
   116 | D        | Killed a meat beast
   117 | D        | Killed a meat berserker
   118 | D        | Noticed an accursed
   118 | D        | Killed a meat berserker
   119 | D        | Noticed a dread
   119 | D        | Noticed a bag of meat
   119 | D        | Killed a bag of meat
   120 | D        | Noticed a meat berserker
   120 | D        | Killed a dread
   121 | D        | Killed a bag of meat
   122 | D        | Noticed a meat beast
   122 | D        | Noticed a meat berserker
   122 | D        | Killed a meat beast
   122 | D        | Killed an accursed
   122 | D        | Killed a meat berserker
   123 | D        | Noticed a meat berserker
   123 | D        | Noticed a meat berserker
   123 | D        | Noticed a bag of meat
   123 | D        | Noticed a meat berserker
   123 | D        | Noticed a bag of meat
   123 | D        | Noticed a bag of meat
   123 | D        | Noticed a bag of meat
   123 | D        | Noticed a bag of meat
   123 | D        | Noticed a large bag of meat
   124 | D        | Noticed a meat berserker
   124 | D        | Noticed a meat beast
   124 | D        | Noticed a bag of meat
   124 | D        | Killed a meat berserker
   124 | D        | Killed an accursed
   124 | D        | Killed a meat berserker
   125 | D        | Noticed a bag of meat
   125 | D        | Noticed a meat berserker
   125 | D        | Noticed a meat berserker
   125 | D        | Killed a meat berserker
   125 | D        | Killed a meat berserker
   125 | D        | Killed a meat berserker
   125 | D        | Killed a meat beast
   126 | D        | Noticed a meat beast
   126 | D        | Noticed a bag of meat
   126 | D        | Noticed a meat berserker
   126 | D        | Noticed a dread
   126 | D        | Killed a meat beast
   126 | D        | Killed a meat berserker
   127 | D        | Noticed a meat berserker
   127 | D        | Killed a meat berserker
   128 | D        | Noticed a bag of meat
   128 | D        | Noticed a meat berserker
   128 | D        | Noticed a meat beast
   128 | D        | Killed a meat berserker
   128 | D        | Killed a bag of meat
   129 | D        | Noticed a bag of meat
   129 | D        | Noticed a meat berserker
   129 | D        | Killed a meat berserker
   129 | D        | Killed a bag of meat
   130 | D        | Noticed a meat berserker
   130 | D        | Killed a bag of meat
   130 | D        | Killed a bag of meat
   130 | D        | Killed a meat berserker
   131 | D        | Noticed an observer
   131 | D        | Noticed a meat berserker
   131 | D        | Killed an observer
   131 | D        | Killed a meat beast
   131 | D        | Killed a large bag of meat
   132 | D        | Killed a bag of meat
   133 | D        | Noticed a dread
   133 | D        | Noticed an observer
   133 | D        | Killed an observer
   134 | D        | Killed a meat berserker
   134 | D        | Killed a meat berserker
   134 | D        | Killed a meat berserker
   135 | D        | Noticed a bag of meat
   135 | D        | Noticed a meat berserker
   135 | D        | Noticed a wretched soul
   135 | D        | Killed a bag of meat
   135 | D        | Killed a bag of meat
   136 | D        | Noticed a dread
   136 | D        | Killed a bag of meat
   136 | D        | Killed a dread
   136 | D        | Killed a dread
   137 | D        | Noticed a fleshlord
   137 | D        | Noticed a dread
   137 | D        | Killed a nine-headed meat hydra
   138 | D        | Noticed a meat berserker
   138 | D        | Killed a bag of meat
   138 | D        | Killed a meat berserker
   138 | D        | Killed a bag of meat
   140 | D        | Noticed a meat berserker
   140 | D        | Killed a wretched soul
   141 | D        | Noticed a destroyer
   141 | D        | Noticed a meat berserker
   141 | D        | Noticed a meat berserker
   141 | D        | Killed a meat berserker
   141 | D        | Killed a meat berserker
   142 | D        | Killed a fleshlord
   143 | D        | Noticed a bag of meat
   143 | D        | Killed a meat berserker
   143 | D        | Killed a meat berserker
   144 | D        | Noticed a fleshlord
   144 | D        | Noticed a meat berserker
   144 | D        | Killed a destroyer
   145 | D        | Noticed a bag of meat
   145 | D        | Noticed a meat berserker
   145 | D        | Killed a dread
   146 | D        | Noticed a wretched soul
   146 | D        | Noticed a meat beast
   146 | D        | Killed a dread
   146 | D        | Killed a fleshlord
   147 | D        | Killed a bag of meat
   147 | D        | Killed a meat berserker
   148 | D        | Noticed a meat berserker
   148 | D        | Killed a meat berserker
   148 | D        | Killed a meat beast
   149 | D        | Noticed a dread
   149 | D        | Noticed a meat berserker
   149 | D        | Killed a meat berserker
   149 | D        | Killed a wretched soul
   150 | D        | Noticed a meat berserker
   150 | D        | Killed a meat berserker
   151 | D        | Noticed a bag of meat
   151 | D        | Noticed a fleshlord
   151 | D        | Killed a bag of meat
   152 | D        | Noticed a meat berserker
   152 | D        | Noticed a dread
   152 | D        | Noticed a meat beast
   152 | D        | Killed a meat berserker
   152 | D        | Killed a bag of meat
   153 | D        | Noticed an accursed
   153 | D        | Killed a meat beast
   153 | D        | Killed a meat berserker
   154 | D        | Killed a bag of meat
   154 | D        | Killed a bag of meat
   156 | D        | Killed a dread
   156 | D        | Killed an accursed
   157 | D        | Noticed a bag of meat
   157 | D        | Noticed a meat berserker
   157 | D        | Noticed an observer
   157 | D        | Killed a fleshlord
   158 | D        | Noticed a fleshlord
   158 | D        | Noticed an accursed
   158 | D        | Killed a dread
   158 | D        | Killed a fleshlord
   159 | D        | Noticed a tyrant
   160 | D        | Noticed an observer
   160 | D        | Killed a meat berserker
   161 | D        | Noticed a meat berserker
   161 | D        | Noticed The Defiler
   161 | D        | Killed an accursed
   162 | D        | Killed a bag of meat
   164 | D        | Killed an observer
   164 | D        | Killed The Defiler
   165 | D        | Noticed a meat berserker
   165 | D        | Killed a tyrant
   166 | D        | Noticed an observer
   166 | D        | Noticed a fleshlord
   167 | D        | Noticed a wretched soul
   167 | D        | Killed a meat berserker
   167 | D        | Killed a meat berserker
   167 | D        | Killed an observer
   168 | D        | Noticed a destroyer
   169 | D        | Noticed an observer
   169 | D        | Noticed a dread
   169 | D        | Noticed a tyrant
   170 | D        | Noticed a bag of meat
   170 | D        | Killed an observer
   171 | D        | Killed a wretched soul
   172 | D        | Killed a destroyer
   173 | D        | Noticed a sculptor of flesh
   173 | D        | Killed a bag of meat
   174 | D        | Noticed a destroyer
   174 | D        | Killed a dread
   174 | D        | Killed a fleshlord
   176 | D        | Killed an observer
   177 | D        | Killed a tyrant
   181 | D        | Killed a sculptor of flesh
   183 | D        | Noticed a bag of meat
   185 | D        | Noticed a bag of meat
   185 | D        | Noticed a wretched soul
   186 | D        | Noticed an observer
   187 | D        | Killed a bag of meat
   192 | D        | Killed a wretched soul
   199 | D        | Noticed a fleshlord
   199 | D        | Noticed a bag of meat
   199 | D        | Noticed an observer
   199 | D        | Noticed a bag of meat
   199 | D        | Noticed a meat beast
   200 | D        | Noticed a dread
   201 | D        | Noticed a bag of meat
   202 | D        | Noticed a dread
   202 | D        | Killed a fleshlord
   203 | D        | Noticed a sculptor of flesh
   203 | D        | Killed a bag of meat
   203 | D        | Noticed a bag of meat
   205 | D        | Killed a dread
   206 | D        | Killed a bag of meat
   207 | D        | Noticed a bag of meat
   208 | D        | Noticed a destroyer
   208 | D        | Killed a sculptor of flesh
   208 | D        | Killed a dread
   209 | D        | Noticed an accursed
   210 | D        | Noticed a dread
   210 | D        | Killed a bag of meat
   212 | D        | Noticed a meat berserker
   212 | D        | Killed an observer
   212 | D        | Killed a bag of meat
   213 | D        | Noticed a meat beast
   213 | D        | Killed a meat berserker
   214 | D        | Noticed a destroyer
   214 | D        | Noticed a tyrant
   215 | D        | Noticed a meat berserker
   215 | D        | Killed a destroyer
   216 | D        | Killed a meat beast
   217 | D        | Noticed a wretched soul
   217 | D        | Noticed a bag of meat
   218 | D        | Killed a bag of meat
   219 | D        | Noticed a bag of meat
   219 | D        | Noticed a bag of meat
   219 | D        | Killed an accursed
   220 | D        | Noticed a meat beast
   220 | D        | Noticed an observer
   221 | D        | Killed a meat beast
   222 | D        | Noticed a dread
   222 | D        | Noticed a fleshlord
   222 | D        | Noticed a tyrant
   222 | D        | Noticed a bag of meat
   222 | D        | Noticed a bag of meat
   222 | D        | Noticed a fleshlord
   222 | D        | Noticed a fleshlord
   222 | D        | Noticed a fleshlord
   222 | D        | Noticed a tyrant
   222 | D        | Noticed a bag of meat
   222 | D        | Noticed a meat berserker
   222 | D        | Noticed a bag of meat
   222 | D        | Noticed a bag of meat
   222 | D        | Noticed a wretched soul
   222 | D        | Noticed a destroyer
   222 | D        | Noticed a wretched soul
   222 | D        | Noticed a meat berserker
   222 | D        | Noticed a destroyer
   222 | D        | Noticed a fleshlord
   222 | D        | Noticed a large bag of meat
   222 | D        | Noticed a wretched soul
   222 | D        | Noticed a destroyer
   222 | D        | Noticed a fleshlord
   222 | D        | Noticed an accursed
   222 | D        | Noticed a wretched soul
   222 | D        | Noticed a dread
   222 | D        | Noticed an observer
   223 | D        | Noticed a large bag of meat
   223 | D        | Noticed an accursed
   223 | D        | Noticed a bag of meat
   223 | D        | Noticed a bag of meat
   223 | D        | Noticed a bag of meat
   223 | D        | Noticed a meat beast
   223 | D        | Noticed a fleshlord
   223 | D        | Noticed a vile
   224 | D        | Killed a dread
   224 | D        | Killed a destroyer
   224 | D        | Killed a bag of meat
   226 | D        | Noticed a bag of meat
   226 | D        | Noticed a bag of meat
   226 | D        | Noticed a wretched soul
   226 | D        | Noticed a meat berserker
   226 | D        | Noticed a destroyer
   226 | D        | Noticed a meat berserker
   226 | D        | Noticed a meat berserker
   226 | D        | Noticed a destroyer
   226 | D        | Noticed a sculptor of flesh
   226 | D        | Noticed an accursed
   226 | D        | Killed a bag of meat
   226 | D        | Killed an accursed
   226 | D        | Killed a destroyer
   227 | D        | Killed a meat berserker
   227 | D        | Killed a bag of meat
   227 | D        | Killed a bag of meat
   228 | D        | Killed a meat beast
   228 | D        | Killed a dread
   228 | D        | Killed a fleshlord
   229 | D        | Noticed a bag of meat
   229 | D        | Noticed a meat beast
   229 | D        | Noticed a wretched soul
   229 | D        | Noticed a tyrant
   229 | D        | Noticed a wretched soul
   229 | D        | Killed a destroyer
   229 | D        | Killed a fleshlord
   229 | D        | Killed a vile
   229 | D        | Killed a destroyer
   230 | D        | Noticed a meat beast
   230 | D        | Noticed a bag of meat
   230 | D        | Killed a fleshlord
   230 | D        | Killed a bag of meat
   230 | D        | Killed a bag of meat
   230 | D        | Killed a wretched soul
   230 | D        | Killed a destroyer
   231 | D        | Noticed a fleshlord
   231 | D        | Noticed an accursed
   231 | D        | Killed a fleshlord
   231 | D        | Killed a bag of meat
   232 | D        | Noticed a fleshlord
   232 | D        | Noticed a vile
   232 | D        | Noticed a bag of meat
   232 | D        | Noticed a bag of meat
   232 | D        | Noticed a wretched soul
   233 | D        | Noticed a bag of meat
   233 | D        | Noticed a bag of meat
   233 | D        | Killed a dread
   233 | D        | Killed a tyrant
   233 | D        | Killed an accursed
   233 | D        | Killed a wretched soul
   233 | D        | Killed a fleshlord
   234 | D        | Noticed a bag of meat
   234 | D        | Noticed a dread
   234 | D        | Annihilated by a meat berserker

Vault maps used:
D:        meatsprint

Action                   |  1- 3 |  4- 6 |  7- 9 | 10-12 | 13-15 | 16-18 | 19-21 | 22-24 | 25-27 || total
-------------------------+-------+-------+-------+-------+-------+-------+-------+-------+-------++-------
Melee: Executioner's axe |     1 |       |       |     1 |     2 |     4 |     6 |     5 |   134 ||   153
 Cast: Apportation       |       |       |       |       |       |       |       |     1 |     1 ||     2
